 Dungeon Crawl Stone Soup version 0.31-a0-818-ge7c7cf74f0 (webtiles) character file.

Game seed: 13793917351937920922

56854 pokeman the Eclecticist (level 14, -2/80 HPs)
             Began as a Deep Elf Hedge Wizard on Sept 22, 2023.
             Was a High Priest of Vehumet.
             Slain by a wolf spider (6 damage)
             ... on level 5 of the Lair of Beasts on Sept 23, 2023.
             The game lasted 01:03:04 (19527 turns).

pokeman the Eclecticist (Deep Elf Hedge Wizard)    Turns: 19527, Time: 01:03:04

Health: -2/80      AC: 14    Str:  7    XL:     14   Next: 43%
Magic:  43/49      EV:  8    Int: 31    God:    Vehumet [*****.]
Gold:   1376       SH:  0    Dex: 16    Spells: 18/54 levels left

rFire   + . .        r - staff of fire
rCold   . . .        (no shield)
rNeg    . . .        P - +2 scale mail "Lukhilea" {rCorr Dex+2}
rPois   .            s - +2 helmet of Skepticism {rCorr}
rElec   .            (no cloak)
rCorr   +            (no gloves)
SInv    .            u - +0 pair of boots
Will    +....        D - amulet of magic regeneration
Stlth   +            Q - ring of magical power
HPRegen 0.33/turn    R - +6 ring of intelligence
MPRegen 0.71/turn

%: no passive effects
@: no status effects
A: no striking features
a: Renounce Religion


You were on level 5 of the Lair of Beasts.
You worshipped Vehumet.
Vehumet was extremely pleased with you.
You visited 3 branches of the dungeon, and saw 18 of its levels.
You also visited: Ice Cave and Volcano.

You collected 1376 gold pieces.

Inventory:

Armour
 s - the +2 helmet of Skepticism (worn) {rCorr}
   (You took it off Robin on level 2 of the Dungeon)

   rCorr:     It protects you from acid and corrosion.
 u - a +0 pair of boots (worn)
 A - a +3 leather armour of fire resistance
 C - a +2 robe of resistance
 P - the +2 scale mail "Lukhilea" (worn) {rCorr Dex+2}
   (You found it on level 9 of the Dungeon)

   Dex+2:     It affects your dexterity (+2).
   rCorr:     It protects you from acid and corrosion.
Magical Staves
 r - a staff of fire (weapon)
Jewellery
 D - an amulet of magic regeneration (around neck)
 Q - a ring of magical power (left hand)
 R - a +6 ring of intelligence (right hand)
Wands
 c - a wand of iceblast (3)
 t - a wand of polymorph (7)
 v - a wand of digging (7)
 N - a wand of paralysis (31)
Scrolls
 a - 5 scrolls of teleportation
 b - a scroll of enchant armour {unknown}
 e - 4 scrolls of revelation
 h - 3 scrolls of enchant weapon {unknown}
 k - 3 scrolls of blinking {unknown}
 m - 4 scrolls of fear {unknown}
 p - a scroll of brand weapon {unknown}
 q - 12 scrolls of identify {unknown}
 w - 3 scrolls of amnesia {unknown}
 B - 4 scrolls of poison {unknown}
 F - 5 scrolls of vulnerability {unknown}
 I - 2 scrolls of silence {unknown}
 T - a scroll of summoning {unknown}
 X - 2 scrolls of noise {unknown}
Potions
 d - 2 potions of magic
 f - 4 potions of brilliance {unknown}
 g - a potion of berserk rage {unknown}
 i - 8 potions of curing {unknown}
 j - 5 potions of invisibility {unknown}
 l - a potion of cancellation {unknown}
 n - 5 potions of degeneration {unknown}
 o - a potion of ambrosia {unknown}
 x - 3 potions of resistance {unknown}
 z - 4 potions of might {unknown}
 G - 3 potions of lignification {unknown}
 H - 2 potions of attraction {unknown}
 J - 2 potions of haste {unknown}
 K - 2 potions of heal wounds {unknown}
 O - 3 potions of mutation {unknown}
Miscellaneous
 y - a phial of floods
 U - a phantom mirror


   Skills:
 + Level 6.6 Fighting
 - Level 7.0 Armour
 - Level 3.0 Dodging
 - Level 3.0 Stealth
 * Level 20.8 Spellcasting
 + Level 12.7 Conjurations
 - Level 1.1 Summonings
 - Level 1.1 Translocations
 - Level 1.0 Transmutations
 + Level 12.3 Fire Magic
 - Level 1.0 Air Magic
 - Level 1.0 Earth Magic
 - Level 1.0 Poison Magic
 - Level 1.0 Evocations


You had 18 spell levels left.
You knew the following spells:

 Your Spells              Type           Power      Damage    Failure   Level
a - Magic Dart            Conj           100%       1d8       1%          1
b - Mephitic Cloud        Conj/Pois/Air  58%        N/A       1%          3
c - Call Imp              Summ           78%        N/A       10%         2
d - Blink                 Tloc           78%        N/A       10%         2
e - Foxfire               Conj/Fire      100%       2x1d9     1%          1
f - Fireball              Conj/Fire      52%        3d20      1%          5
g - Irradiate             Conj/Tmut      33%        3d22      4%          5
h - Iskenderun's Battles  Conj           84%        2d13      1%          5
i - Lee's Rapid Deconstr  Erth           19%        3d11*     41%         5
j - Orb of Destruction    Conj           42%        9d12      12%         7

Your spell library contained the following spells:

 Spells                   Type           Power      Damage    Failure   Level
 Plasma Beam              Fire/Air       42%        2x1d56    24%         6
 Hailstorm                Conj/Ice       64%        3d14      1%          3
 Brom's Barrelling Bould  Conj/Erth      66%        2d8       1%          4
 Iskenderun's Mystic Bla  Conj/Tloc      66%        2d14      1%          4
 Apportation              Tloc           78%        N/A       6%          1
 Summon Small Mammal      Summ           100%       N/A       6%          1
 Necrotise                Necr           100%       1d9       10%         1
 Slow                     Hex            100%       N/A       10%         1
 Lesser Beckoning         Tloc           78%        N/A       10%         2
 Wereblood                Tmut           38%        N/A       10%         2
 Cigotuvi's Dreadful Rot  Necr/Pois/Air  72%        N/A       11%         2
 Gell's Gravitas          Tloc           39%        N/A       19%         3
 Teleport Other           Tloc           39%        N/A       19%         3
 Bombard                  Conj/Erth      33%        9d6       22%         6
 Conjure Ball Lightning   Conj/Air       33%        3x3d11    22%         6
 Confusing Touch          Hex            32%        N/A       28%         3
 Sigil of Binding         Hex            32%        N/A       28%         3
 Tukima's Dance           Hex            32%        N/A       28%         3
 Vampiric Draining        Necr           32%        2d8       28%         3
 Manifold Assault         Tloc           39%        N/A       52%         4
 Dimensional Bullseye     Hex/Tloc       17%        N/A       58%         4
 Summon Ice Beast         Ice/Summ       35%        N/A       58%         4
 Leda's Liquefaction      Hex/Erth       17%        N/A       61%         4
 Simulacrum               Ice/Necr       16%        N/A       100%        6


Dungeon Overview and Level Annotations

Branches:
Dungeon (12/15)            Temple (1/1) D:6            Lair (5/5) D:10
  Swamp (0/4) Lair:2        Snake (0/4) Lair:3        Slime (0/5) Lair:5
    Orc (0/2) D:11          IceCv (visited)         Volcano (visited)

Altars:
Ashenzari
Cheibriados
Dithmenos
Elyvilon
Fedhas
Gozag
Hepliaklqana
Kikubaaqudgha
Makhleb
Nemelex Xobeh
Okawaru
Qazlal
Ru
Sif Muna
Trog
Uskayaw
Vehumet
Wu Jian
Xom
Yredelemnul
Zin
The Shining One

Shops:
D:2 (   D:7 :   D:9 (

Portals:
Abyss: D:10

Annotations:
D:3 Grinder
D:10 2 transporters, bobo's ghost, journeyman OgMo
D:12 Rupert


Message History

You hear a bark!
You hear an angry growl.
You hear a howl!
You hear an angry growl. x3; You hear a roar!
The wolf spider is engulfed in noxious fumes.
The wolf spider closely misses you.
The wolf spider bites you but does no damage.
The polar bear is engulfed in noxious fumes.
The polar bear appears confused.
The polar bear is engulfed in noxious fumes.
The wolf spider is engulfed in noxious fumes.
The wolf spider hits you but does no damage.
The wolf spider bites you!
You hear a bark!
The polar bear is engulfed in noxious fumes.
The polar bear appears confused.
The wolf spider is engulfed in noxious fumes.
The wolf spider attacks as it pursues you!
The wolf spider hits you!!
* * * LOW HITPOINT WARNING * * *
The wolf spider bites you but does no damage.
Unknown command.
Casting: Mephitic Cloud (safe; 1% risk of failure)
Confirm with . or Enter, or press ? or * to list all spells.
Aiming: Fireball (mildly dangerous; 1% risk of failure)
Press: ? - help, Shift-Dir - straight line, p - wolf spider You feel a surge of power!
The fireball explodes!
The fireball engulfs the wolf spider!!
The wolf spider is severely wounded.
You hear a bark! x2; You hear a howl!
You hear an angry growl.
You hear a howl!
The wolf spider is engulfed in noxious fumes.
The wolf spider hits you!
* * * LOW HITPOINT WARNING * * *
The wolf spider bites you but does no damage.
The polar bear is engulfed in noxious fumes.
The polar bear bites the polar bear!
The polar bear claws the polar bear.
The polar bear claws the polar bear but does no damage.
The polar bear is engulfed in noxious fumes.
The wolf spider is engulfed in noxious fumes.
The wolf spider appears confused.
The wolf spider closely misses you. The wolf spider bites you.
You die...

****************,*...........##.
***##...P.....### ##...P....##.
*** **** ##.........# ,,****,,##*
####..........
,,,*,*,,#P##########...#.........
,,***,.,,#.##☼#○#.#.....#.†......
,,,**#....#.#☼°○.........#.......
**,..s....#..h○s@..#..†.###......
,,,##....#..h°#...#.##### #.....#
**,,##h?.###..#######** ##....#
**,hhh##**#☼.#*,*,**,**** #...##
**,hh..* #....,*,*,,,,*,**#...##
*,,...** ###...,,,,,,,,,,##.....
*,,,,,,** ##...,,,,,,,,,#......
**,,,,,,* *##.#,,,*,*,,##.....
**,,,,,** *##*,*****,,#...##


You could see a wolf spider (confused) and 2 polar bears.

Vanquished Creatures
  Josephine (Lair:4)
  2 hydras
  3 two-headed ogres
  3 death yaks (Lair:2)
  A tengu warrior (D:10)
  A fire crab (Volcano)
  A sixfirhy (D:11)
  A bog body (Lair:2)
  A lindwurm (Volcano)
  4 oklob plants (Lair:1)
  An orc knight (D:10)
  A deep elf pyromancer (D:8)
  A necromancer (IceCv)
  2 cyclopes
  5 black mambas
  3 manticores
  2 ugly things (IceCv)
  14 elephants
  An ice statue (IceCv)
  Joseph (D:7)
  2 molten gargoyles (Volcano)
  2 smoke demons (D:11)
  An unseen horror (D:12)
  2 gargoyles
  3 rime drakes
  16 cane toads
  4 freezing wraiths (IceCv)
  12 komodo dragons
  A troll (D:10)
  3 anaconda simulacra (IceCv)
  A hellwing (D:11)
  11 ice devils
  A polar bear (Lair:2)
  Prince Ribbit (D:9)
  9 blink frogs
  A ynoxinul (D:11)
  A dire elephant simulacrum (IceCv)
  5 wraiths (Lair:4)
  12 fire bats (Volcano)
  39 yaks
  A wyvern (Lair:2)
  A vampire (D:11)
  4 basilisks
  A steam dragon (Volcano)
  A chaos spawn (D:10)
  3 death yak simulacra (IceCv)
  3 swamp worms (Lair:4)
  A harpy simulacrum (IceCv)
  A warg (Lair:5)
  3 hell hounds (Lair:5)
  3 nagas (Lair:3)
  2 acid dragons
  11 water moccasins
  2 hydra simulacra (IceCv)
  A sky beast (D:7)
  An ice beast (D:8)
  8 black bears
  3 orc warriors
  15 wolves
  3 ogres
  2 centaurs
  A kobold brigand (D:10)
  4 two-headed ogre simulacra (IceCv)
  A gnoll sergeant (D:11)
  11 bullfrogs
  2 scorpions
  4 cane toad simulacra (IceCv)
  8 wights
  3 elephant simulacra (IceCv)
  10 killer bees
  4 howler monkeys
  6 lava snakes (Volcano)
  3 hounds
  6 jellies
  3 orc priests
  A sleepcap (D:7)
  3 iguanas
  Natasha (twice) (D:3)
  4 orc wizards
  A troll simulacrum (IceCv)
  3 polar bear simulacra (IceCv)
  Ijyb (D:3)
  7 wolf simulacra (IceCv)
  A mummy (D:7)
  Robin (D:2)
  7 gnolls
  5 adders
  A naga simulacrum (IceCv)
  A shadow imp (D:6)
  15 white imps
  2 ufetubi (D:5)
  3 dart slugs
  42 orcs
  6 endoplasms
  4 giant cockroaches
  15 goblins
  6 hobgoblins
  2 jackals (D:1)
  16 kobolds
  6 quokkas
  5 ball pythons
  5 bats (D:1)
  2 frilled lizards
  5 rats
484 creatures vanquished.

Vanquished Creatures (collateral kills)
  Natasha (D:3)
  A worm (D:3)
2 creatures vanquished.

Vanquished Creatures (others)
  354 foxfires
354 creatures vanquished.

Grand Total: 840 creatures vanquished

Notes
Turn   | Place    | Note
-------+----------+-------------------------------------------
     0 | D:1      | pokeman the Deep Elf Hedge Wizard began the quest for the
                  | Orb.
     0 | D:1      | Reached XP level 1. HP: 10/10 MP: 7/7
   240 | D:1      | Reached XP level 2. HP: 15/16 MP: 1/9
  1048 | D:1      | Reached skill level 5 in Spellcasting
  1153 | D:1      | Reached XP level 3. HP: 20/20 MP: 6/11
  1157 | D:1      | Learned a level 3 spell: Mephitic Cloud
  1160 | D:1      | Learned a level 2 spell: Call Imp
  1163 | D:1      | Learned a level 2 spell: Blink
  1545 | D:1      | Found a faded altar of an unknown god.
  1976 | D:2      | You fall into a shaft and drop 1 floor!
  1985 | D:3      | Reached skill level 1 in Fighting
  1985 | D:3      | Reached skill level 1 in Armour
  2076 | D:3      | Reached XP level 4. HP: 25/25 MP: 7/13
  2122 | D:3      | Noticed a scorpion
  2139 | D:3      | Killed a scorpion
  2140 | D:3      | Reached skill level 6 in Spellcasting
  2144 | D:3      | Reached XP level 5. HP: 26/29 MP: 4/15
  2727 | D:2      | Found Socaha's Weapon Shop.
  2736 | D:2      | Identified the +2 helmet of Skepticism {rCorr}
  2736 | D:2      | Noticed Robin
  2762 | D:2      | Killed Robin
  3128 | D:3      | Noticed Ijyb
  3137 | D:3      | Noticed Natasha
  3147 | D:3      | Killed Natasha
  3155 | D:3      | Killed Ijyb
  3251 | D:3      | Noticed Natasha
  3262 | D:3      | Killed Natasha
  3385 | D:3      | Learned a level 5 spell: Irradiate
  3398 | D:3      | Reached skill level 1 in Poison Magic
  3424 | D:3      | Reached skill level 1 in Air Magic
  3465 | D:3      | Noticed Natasha
  3470 | D:3      | Reached skill level 1 in Fire Magic
  3470 | D:3      | Reached skill level 1 in Evocations
  3485 | D:3      | Killed Natasha
  3486 | D:3      | Reached XP level 6. HP: 26/34 MP: 7/17
  3646 | D:3      | Noticed Grinder
  3895 | D:4      | Found a shimmering blue altar of Sif Muna.
  4104 | D:4      | Found a broken altar of Ashenzari.
  4380 | D:4      | Found a bloodstained altar of Trog.
  4968 | D:5      | Entered Level 5 of the Dungeon
  4975 | D:4      | Reached skill level 1 in Transmutations
  5039 | D:5      | Reached skill level 7 in Spellcasting
  5202 | D:5      | Reached XP level 7. HP: 39/39 MP: 14/19
  5357 | D:5      | Identified the +1 ring mail of the Skies Above {Str+3}
  5470 | D:5      | Reached skill level 8 in Spellcasting
  6179 | D:6      | Found a staircase to the Ecumenical Temple.
  6189 | Temple   | Entered the Ecumenical Temple
  6202 | Temple   | Became a worshipper of Vehumet
  6364 | D:7      | Noticed Joseph
  6746 | D:7      | Killed Joseph
  6747 | D:7      | Reached skill level 9 in Spellcasting
  6747 | D:7      | Reached XP level 8. HP: 37/44 MP: 18/23
  6797 | D:7      | Found Popsun's Book Emporium.
  6920 | D:7      | Reached skill level 5 in Conjurations
  7050 | D:7      | Reached skill level 10 in Spellcasting
  7316 | D:7      | Found a hide-covered altar of Uskayaw.
  7575 | D:7      | Found a snail-covered altar of Cheibriados.
  8060 | D:8      | Found an iron altar of Okawaru.
  8076 | D:8      | Noticed a manticore
  8086 | D:8      | Reached XP level 9. HP: 38/48 MP: 16/25
  8132 | D:8      | Noticed a deep elf pyromancer
  8135 | D:8      | Reached * piety under Vehumet
  8135 | D:8      | Offered knowledge of Kiss of Death by Vehumet.
  8305 | D:8      | Reached skill level 11 in Spellcasting
  8305 | D:8      | Reached skill level 5 in Fire Magic
  8335 | D:8      | Killed a deep elf pyromancer
  8336 | D:8      | Reached skill level 12 in Spellcasting
  8463 | D:8      | Killed a manticore
  8464 | D:8      | Reached XP level 10. HP: 49/56 MP: 22/28
  8549 | D:8      | Found an opulent altar of Gozag.
  9010 | D:9      | Found Alalut's Antique Weapon Emporium.
  9120 | D:9      | Found a sacrificial altar of Ru.
  9163 | D:9      | Noticed Prince Ribbit
  9178 | D:9      | Killed Prince Ribbit
  9270 | D:9      | Identified the +2 scale mail "Lukhilea" {rCorr Dex+2}
  9527 | D:9      | Reached skill level 13 in Spellcasting
  9707 | D:10     | Entered Level 10 of the Dungeon
  9762 | D:10     | Noticed a toenail golem
  9764 | D:10     | Found a one-way gate to the infinite horrors of the Abyss.
  9764 | D:10     | Noticed bobo's ghost (journeyman OgMo)
  9774 | D:10     | Noticed a large abomination
  9774 | D:10     | Noticed an orange demon
  9786 | D:10     | Found a transporter.
  9786 | D:10     | Noticed a skeletal warrior
  9831 | D:10     | Found a transporter.
  9994 | D:10     | Noticed an elephant
 10015 | D:10     | Killed an elephant
 10229 | D:10     | Found a staircase to the Lair.
 10671 | D:10     | Noticed a toenail golem
 10708 | D:11     | Noticed a tengu warrior
 10708 | D:11     | Noticed a gargoyle
 10708 | D:11     | Noticed a manticore
 10732 | D:11     | Noticed a two-headed ogre
 10735 | D:11     | Killed a two-headed ogre
 10779 | D:11     | Reached skill level 14 in Spellcasting
 10781 | D:11     | Offered knowledge of Foxfire by Vehumet.
 10784 | D:11     | Learned a level 1 spell: Foxfire
 10792 | D:11     | Noticed a smoke demon
 10801 | D:11     | Killed a smoke demon
 10845 | D:11     | Noticed a sixfirhy
 10851 | D:10     | Reached ** piety under Vehumet
 10873 | D:11     | Noticed a cyclops
 10926 | D:11     | Noticed a two-headed ogre
 10947 | D:10     | Killed a gargoyle
 11059 | D:11     | Killed a sixfirhy
 11060 | D:11     | Reached XP level 11. HP: 61/61 MP: 27/31
 11118 | D:11     | Killed a two-headed ogre
 11141 | D:11     | Noticed an orc knight
 11300 | D:10     | Killed an orc knight
 11567 | D:10     | Reached skill level 15 in Spellcasting
 11570 | D:10     | Killed a tengu warrior
 11570 | D:10     | Offered knowledge of Momentum Strike by Vehumet.
 11696 | D:11     | Reached skill level 5 in Armour
 11708 | D:11     | Reached *** piety under Vehumet
 11950 | D:11     | Found a staircase to the Orcish Mines.
 12418 | D:12     | Noticed a two-headed ogre
 12425 | D:12     | Killed a two-headed ogre
 12720 | D:12     | Reached skill level 16 in Spellcasting
 12936 | D:12     | Noticed Rupert
 12999 | Lair:1   | Entered Level 1 of the Lair of Beasts
 13007 | Lair:1   | Offered knowledge of Stone Arrow by Vehumet.
 13018 | Lair:1   | Reached skill level 5 in Fighting
 13023 | Lair:1   | Reached XP level 12. HP: 22/68 MP: 29/34
 13446 | Lair:1   | Reached skill level 10 in Conjurations
 13491 | Lair:1   | Reached **** piety under Vehumet
 13512 | Lair:1   | Learned a level 5 spell: Fireball
 13518 | Lair:1   | Learned a level 5 spell: Iskenderun's Battlesphere
 13595 | Lair:1   | Reached skill level 17 in Spellcasting
 13697 | Lair:1   | Offered knowledge of Ignite Poison by Vehumet.
 14250 | Lair:2   | Found a frozen archway.
 14259 | Lair:2   | Reached skill level 10 in Fire Magic
 14425 | IceCv    | Entered an ice cave
 14448 | IceCv    | Reached ***** piety under Vehumet
 14469 | IceCv    | Offered knowledge of Olgreb's Toxic Radiance by Vehumet.
 14567 | IceCv    | Reached skill level 18 in Spellcasting
 14696 | IceCv    | Reached XP level 13. HP: 74/74 MP: 30/37
 14786 | IceCv    | Found an ancient bone altar of Kikubaaqudgha.
 14979 | IceCv    | Identified the +1 short sword of Plague {flame, +Blink rN++
                  | MP+9 Dex-5}
 14979 | IceCv    | Identified the ring of the Teaching Queen {rN+ Will+ Int+4}
 15483 | Lair:2   | Found a staircase to the Swamp.
 15511 | Lair:2   | Reached skill level 19 in Spellcasting
 16450 | Lair:3   | Identified the +7 chain mail "Task" {Int+3}
 16499 | Lair:3   | Offered knowledge of Lee's Rapid Deconstruction by Vehumet.
 16506 | Lair:3   | Learned a level 5 spell: Lee's Rapid Deconstruction
 16735 | Lair:3   | Reached skill level 1 in Earth Magic
 16804 | Lair:3   | Found a staircase to the Snake Pit.
 17076 | Lair:4   | Noticed Josephine
 17079 | Lair:4   | Killed Josephine
 17169 | Lair:4   | Reached skill level 20 in Spellcasting
 17553 | Lair:4   | Reached XP level 14. HP: 80/80 MP: 40/40
 17987 | Lair:5   | Entered Level 5 of the Lair of Beasts
 18063 | Lair:5   | Found a dark tunnel.
 18078 | Volcano  | Entered a volcano
 18416 | Volcano  | Found a burning altar of Makhleb.
 18426 | Volcano  | Offered knowledge of Plasma Beam by Vehumet.
 19385 | Lair:5   | Learned a level 7 spell: Orb of Destruction
 19527 | Lair:5   | HP: 4/80 [wolf spider (12)]
 19527 | Lair:5   | Slain by a wolf spider

Illustrated notes

Levels and vault maps discovered:
D:1:      dpeg_arrival_boxes_within_box, layout_loops_corners,
          hellmonk_ecumenical_altar_heavens_door, kennysheep_another_room
D:2:      layout_loops_ring, serial_shops, shop, kennysheep_generic_room_3,
          uniq_robin
D:3:      layout_loops_ring, minmay_ruptured, uniq_natasha, uniq_grinder,
          uniq_ijyb
D:4:      layout_basic, mainiacjoe_overflow_catwalk, ashenzari_altar_1,
          trog_hazing_becter
D:5:      layout_rooms, kennysheep_pointless_box
D:6:      layout_rooms, minmay_temple_entry_overgrown, minivault_23,
          chequers_serial_rivers_marsh
D:7:      layout_cave_pods, amcnicky_altar_gilded, chei_slow_surprise,
          serial_shops, shop, uniq_joseph
D:8:      layout_rooms, nicolae_gozag_cash_rules_everything_around_me,
          kennysheep_okawaru_gauntlet
D:9:      layout_small_grid, mainiacjoe_overflow_paths, nicolae_stop_n_shop_1,
          kennysheep_generic_room_15, uniq_prince_ribbit1
D:10:     layout_irregular_city, david_lair_generic,
          gammafunk_ghost_abyssal_escape
D:11:     layout_cross, david_orc_5, serial_demonic, serial_demonic_b,
          serial_demonic_d, serial_demonic_b, serial_demonic_a, st_stairs_8
D:12:     layout_loops_ring, uniq_rupert
Temple:   dpeg_chambers_temple
Lair:1:   minmay_lair_oklob_tunnel, layout_regular_city, serial_bayou_shore_a,
          grunt_megastairs_5
Lair:2:   layout_chaotic_city, skrybe_swamp_entry_bodies,
          portal_ice_cave_entry_imps, lemuel_fruit_tree, grunt_megastairs_2,
          infiniplex_staircase_pool_2
Lair:3:   layout_cave_shapes, minmay_snake_entry_guardpost_small
Lair:4:   layout_regular_city, chequers_serial_rivers_small_3, worms_lemuel,
          uniq_josephine
Lair:5:   hangedman_lair_caniforms_friends, layout_regular_city, wormcave,
          nicolae_slime_entry_field_trip, enter_volcano_4

Skill      XL: |  1  2  3  4  5  6  7  8  9 10 11 12 13 14 |
---------------+-------------------------------------------+-----
Spellcasting   | 5 6 7 9 10 12 14 16 18 20 | 20.8
Conjurations   | 2 3 4 5 7 8 9 11 12 | 12.7
Fighting       | 1 2 3 4 5 6 |  6.6
Armour         | 1 2 3 4 5 6 7 |  7.0
Dodging        | 3 |  3.0
Stealth        | 3 |  3.0
Poison Magic   | 1 |  1.0
Air Magic      | 1 |  1.0
Fire Magic     | 1 3 4 6 7 9 10 11 12 | 12.3
Evocations     | 1 |  1.0
Transmutations | 1 |  1.0
Earth Magic    | 1 |  1.0
Summonings     | |  1.1
Translocations | |  1.1

Action                     |  1- 3 |  4- 6 |  7- 9 | 10-12 | 13-15 || total
---------------------------+-------+-------+-------+-------+-------++-------
  Melee: Dagger            |    23 |    44 |    96 |   120 |       ||   283
         Punch             |       |       |     2 |     9 |       ||    11
         Staff             |       |       |       |     9 |    13 ||    22
   Cast: Magic Dart        |   108 |   122 |   198 |    37 |    70 ||   535
         Mephitic Cloud    |       |    12 |    32 |    45 |     9 ||    98
         Call Imp          |       |     1 |     6 |     2 |       ||     9
         Blink             |       |       |     2 |     4 |       ||     6
         Irradiate         |       |       |     3 |    38 |       ||    41
         Foxfire           |       |       |       |   195 |     3 ||   198
         Fireball          |       |       |       |    71 |   173 ||   244
         Iskenderun's Batt |       |       |       |       |    13 ||    13
         Lee's Rapid Decon |       |       |       |       |     1 ||     1
  Evoke: Wand              |       |       |     2 |       |       ||     2
    Use: Scroll            |       |       |       |       |     4 ||     4
   Stab: Confused          |       |     9 |    11 |    11 |       ||    31
 Armour: Robe              |    30 |    28 |    47 |    91 |    35 ||   231
         Acid dragon scale |       |       |       |    60 |       ||    60
         Ring mail         |       |       |       |     2 |     7 ||     9
         Scale mail        |       |       |       |       |    47 ||    47
  Dodge: Dodged            |    36 |    30 |    84 |   208 |    33 ||   391

Table legend: (Time is in decaauts)
 A = Elapsed time spent in this place.
 B = Non-inter-level travel time spent in this place.
 C = Inter-level travel time spent in this place.
 D = Time resting spent in this place.
 E = Time spent auto-exploring this place.
 F = Levels seen in this place.
 G = Mean time per level.
                   A        B        C        D        E       F      G
               +--------+--------+--------+--------+--------+-----+--------+
         Total |  19602 |  18320 |   1282 |   1595 |  13217 |  20 |  980.1 |
       Dungeon |  13167 |  12151 |   1016 |   1306 |   8818 |  12 | 1097.2 |
        Temple |     56 |     41 |     15 |      0 |      0 |   1 |   56.0 |
          Lair |   4613 |   4363 |    250 |    182 |   3394 |   5 |  922.6 |
      Ice Cave |    898 |    898 |      0 |      3 |    624 |   1 |  898.0 |
       Volcano |    866 |    866 |      0 |    104 |    381 |   1 |  866.0 |
               +--------+--------+--------+--------+--------+-----+--------+

Top non-repeatable levels by time:
    D:10: 1771 daAuts
     D:1: 1754 daAuts
     D:7: 1452 daAuts
  Lair:1: 1443 daAuts
     D:4: 1159 daAuts
     D:3: 1082 daAuts
  Lair:4: 1080 daAuts
     D:2: 1032 daAuts
     D:8: 972 daAuts
     D:6: 934 daAuts
   IceCv: 898 daAuts
  Lair:2: 876 daAuts
 Volcano: 866 daAuts
    D:11: 836 daAuts
     D:9: 729 daAuts
